 Dungeon Crawl Stone Soup version 0.29.1-2-gbd0b4ee654 (console) character file.

Game seed: 16964694381941825429

94 Goreval the Vexing (level 4, -8/34 HPs)
             Began as a Gnoll Arcane Marksman on Nov 9, 2022.
             Was a Follower of Qazlal.
             Mangled by an iguana (9 damage)
             ... on level 3 of the Dungeon.
             The game lasted 00:12:04 (3075 turns).

Goreval the Vexing (Gnoll Arcane Marksman)          Turns: 3075, Time: 00:12:05

Health: -8/34      AC:  5    Str: 10    XL:     4   Next: 63%
Magic:  8/8        EV: 11    Int: 14    God:    Qazlal [*.....]
Gold:   104        SH:  2    Dex: 12    Spells: 8/9 levels left

rFire   . . .      SeeInvis .   b - +0 dagger
rCold   . . .      Faith    .   (no shield)
rNeg    . . .      Spirit   .   e - +0 ring mail
rPois   .          Reflect  .   (no helmet)
rElec   .          Harm     .   (no cloak)
rCorr   .          Rampage  .   (no gloves)
Will    +....                   (no boots)
Stlth   +.........              (no amulet)
HPRegen 0.11/turn               g - ring of willpower
MPRegen 0.11/turn               (no ring)

@: no status effects
A: fangs 1, strong nose, distributed training
a: Renounce Religion


You were on level 3 of the Dungeon.
You worshipped Qazlal.
Qazlal was aware of your devotion.
You visited 1 branch of the dungeon, and saw 4 of its levels.

You collected 104 gold pieces.

Inventory:

Hand Weapons
 a - a +1 sling
 b - a +0 dagger (weapon)
Missiles
 k - 6 poisoned darts
 l - a throwing net
Armour
 e - a +0 ring mail (worn)
 s - a +0 scale mail
Jewellery
 g - a ring of willpower (left hand)
Scrolls
 c - a scroll of teleportation {unknown}
 d - 4 scrolls of noise {unknown}
 i - 3 scrolls of magic mapping {unknown}
 j - 2 scrolls of poison
 m - 2 scrolls of fear {unknown}
 o - 4 scrolls of identify {unknown}
Potions
 f - 2 potions of flight {unknown}
 h - 2 potions of heal wounds {unknown}
 n - a potion of curing {unknown}
 p - a potion of cancellation {unknown}
 q - a potion of brilliance {unknown}
 r - a potion of haste {unknown}


   Skills:
 + Level 2.8 Fighting
 + Level 1.2 Short Blades
 + Level 1.2 Long Blades
 + Level 1.2 Axes
 + Level 1.2 Maces & Flails
 + Level 1.2 Polearms
 + Level 1.2 Staves
 + Level 4.7 Ranged Weapons
 + Level 1.2 Throwing
 + Level 1.2 Armour
 + Level 4.7 Dodging
 + Level 1.2 Stealth
 + Level 1.2 Shields
 + Level 1.2 Unarmed Combat
 + Level 3.0 Spellcasting
 + Level 1.0 Conjurations
 + Level 5.5 Hexes
 + Level 1.0 Summonings
 + Level 1.0 Necromancy
 + Level 1.0 Translocations
 + Level 1.0 Transmutations
 + Level 1.0 Fire Magic
 + Level 1.0 Ice Magic
 + Level 1.0 Air Magic
 + Level 1.0 Earth Magic
 + Level 1.0 Poison Magic
 + Level 1.4 Invocations
 + Level 1.2 Evocations


You had 8 spell levels left.
You knew the following spells:

 Your Spells              Type           Power      Damage    Failure   Level
a - Slow                  Hex            68%        N/A       5%          1

Your spell library contained the following spells:

 Spells                   Type           Power      Damage    Failure   Level
 Inner Flame              Hex/Fire       11%        N/A       38%         3
 Portal Projectile        Hex/Tloc       22%        N/A       38%         3
 Cause Fear               Hex            8%         N/A       50%         4


Dungeon Overview and Level Annotations

Branches:
Dungeon (4/15)
 Temple: D:4-7

Altars:
Elyvilon
Hepliaklqana
Qazlal
Wu Jian
Xom


Innate Abilities, Weirdness & Mutations

You have very sharp teeth.
Your uncanny sense of smell can sniff out nearby items.
Your experience applies equally to all skills.


Message History

The sling bullet hits the orc priest.
The iguana bites you but does no damage.
The orc priest miscasts a cantrip.
The orc attacks as you move away! The orc closely misses you.
An orc comes into view. It is wielding a +0 hand axe.
The orc priest hits you but does no damage.
The orc priest attacks as you move away!
The orc priest hits you with a +0 club. The iguana attacks as you move away!
The iguana closely misses you.
The orc priest invokes the aid of Beogh against you.
You resist with some effort.
b - a +0 dagger (weapon)
The iguana attacks as you move away! The iguana bites you.
You barely miss the iguana. The iguana closely misses you.
You hit the iguana but do no damage. The iguana barely misses you.
You hit the iguana but do no damage. The iguana closely misses you.
You hit the iguana but do no damage. The iguana closely misses you.
You closely miss the iguana. The iguana completely misses you.
You hit the iguana but do no damage. The iguana bites you!
You hit the iguana but do no damage. The iguana bites you.
You closely miss the iguana. The iguana bites you!
* * * LOW HITPOINT WARNING * * *
You barely miss the iguana. You bite the iguana. You block the iguana's attack.
The iguana attacks as you move away! The iguana bites you.
* * * LOW HITPOINT WARNING * * *
Here: an iguana (lightly wounded)
The floor.
The iguana attacks as you move away! The iguana barely misses you.
The iguana attacks as you move away! The iguana barely misses you.
The jelly jiggles.
The iguana attacks as you move away!
The iguana bites you but does no damage.
There is a stone staircase leading up here.
The iguana closely misses you.
You climb upwards.
There is a stone staircase leading down here.
The iguana barely misses you. The iguana attacks as you move away!
The iguana bites you!
* * * LOW HITPOINT WARNING * * *
The iguana attacks as you move away! The iguana bites you!
You die...

#### ### ...# ##_## ...# #...# ##### ...#
####'######...## ...# ##.#...#.##<....## ...#
#_.'.8.'.........# ...# #####.#...#.##÷.....#
...# #...####'####.......# †..#
####.##.##...####.....## ...###
####....##.###_###.......## <....#
#....#####.#####..........# .###.#
#######.######......####..§.....# .[##.#
###.......####.....#### ##.@l...>.# #..#.#
#####...#######....#..## #..#.....##
##.#.#####.....########.......## ####.###...##
#.#.......#######..>...#.##### ##....# #####
#.#..###### ##..#####..# ###..#### #.#...# ##..##
#.## ##...## ##...#.### #..## #.# ####..### ####
....##...######.## #.###....## ##..#
.##.####........# #..##.#### #..##
..........###..## ##.##.# ###.†#
###.#####..#....##### #.##.# ##....# #.#
#.............#####.##.##### #..#.##
###.###.########.)...............#
#####.######### ........#
###.######.###..#.####.....#.......# .##.#####
#.#####..# ##........#####...#...# ###.#
#.##....## ###.###.......#..#.#..# #.# #.##.####
##...)........[#.#.#.#.# #.# #######....#
#..#.###.......#..#.#..# #.########....##....#
###.##.###.......#..†#†..# #.#...........##.##.#
##...##..##..<....#.......#
#...######....##.##.###.>#####..#.......####'####
####### #####...##.....## ##.#............# ...#
#.##........#### #.##############


You could see an iguana.

Vanquished Creatures
  2 adders (D:3)
  3 worms
  A dart slug (D:1)
  An orc (D:4)
  6 endoplasms
  A giant cockroach (D:1)
  9 goblins
  9 hobgoblins
  6 kobolds
  2 quokkas
  6 ball pythons
  4 bats
  2 frilled lizards
  9 rats
61 creatures vanquished.

Notes
Turn   | Place    | Note
-------+----------+-------------------------------------------
     0 | D:1      | Goreval the Gnoll Arcane Marksman began the quest for the
                  | Orb.
     0 | D:1      | Reached XP level 1. HP: 17/17 MP: 4/4
   234 | D:1      | Reached XP level 2. HP: 17/23 MP: 5/5
   567 | D:1      | Reached XP level 3. HP: 28/28 MP: 7/7
   850 | D:1      | Found a faded altar of an unknown god.
   935 | D:1      | Prayed at the altar of an unknown god.
   935 | D:1      | Became a worshipper of Qazlal Stormbringer
   935 | D:1      | Reached * piety under Qazlal
  1122 | D:2      | Reached skill level 1 in Invocations
  1249 | D:2      | Found a shimmering altar of Xom.
  1553 | D:2      | Reached skill level 1 in Short Blades
  1553 | D:2      | Reached skill level 1 in Long Blades
  1553 | D:2      | Reached skill level 1 in Axes
  1553 | D:2      | Reached skill level 1 in Maces & Flails
  1553 | D:2      | Reached skill level 1 in Polearms
  1553 | D:2      | Reached skill level 1 in Staves
  1553 | D:2      | Reached skill level 1 in Throwing
  1553 | D:2      | Reached skill level 1 in Armour
  1553 | D:2      | Reached skill level 1 in Stealth
  1553 | D:2      | Reached skill level 1 in Shields
  1553 | D:2      | Reached skill level 1 in Unarmed Combat
  1553 | D:2      | Reached skill level 1 in Evocations
  2278 | D:3      | Reached XP level 4. HP: 34/34 MP: 8/8
  2622 | D:3      | Reached skill level 1 in Conjurations
  2622 | D:3      | Reached skill level 1 in Summonings
  2622 | D:3      | Reached skill level 1 in Necromancy
  2622 | D:3      | Reached skill level 1 in Translocations
  2622 | D:3      | Reached skill level 1 in Transmutations
  2622 | D:3      | Reached skill level 1 in Fire Magic
  2622 | D:3      | Reached skill level 1 in Ice Magic
  2622 | D:3      | Reached skill level 1 in Air Magic
  2622 | D:3      | Reached skill level 1 in Earth Magic
  2622 | D:3      | Reached skill level 1 in Poison Magic
  2628 | D:3      | Found an ornate altar of the Wu Jian Council.
  2644 | D:3      | Found a hazy altar of Hepliaklqana.
  2652 | D:3      | Found a white marble altar of Elyvilon.
  3074 | D:3      | HP: 1/34 [iguana (8)]
  3075 | D:3      | Mangled by an iguana

Illustrated notes

Levels and vault maps discovered:
D:1:      lightli_arrival_flooded_house, layout_loops_ring,
          basic_ecumenical_altar, serial_bayou_pond_c
D:2:      layout_loops_ring, basic_altar
D:3:      layout_rooms, grunt_temple_overflow_diamond,
          kennysheep_generic_room_10
D:4:      kennysheep_spiral_hall, layout_basic

Skill      XL: |  1  2  3  4 |
---------------+-------------+-----
Invocations    | 1 |  1.4
Short Blades   | 1 |  1.2
Long Blades    | 1 |  1.2
Axes           | 1 |  1.2
Maces & Flails | 1 |  1.2
Polearms       | 1 |  1.2
Staves         | 1 |  1.2
Throwing       | 1 |  1.2
Armour         | 1 |  1.2
Stealth        | 1 |  1.2
Shields        | 1 |  1.2
Unarmed Combat | 1 |  1.2
Evocations     | 1 |  1.2
Spellcasting   | 3 |  3.0
Conjurations   | 1 |  1.0
Summonings     | 1 |  1.0
Necromancy     | 1 |  1.0
Translocations | 1 |  1.0
Transmutations | 1 |  1.0
Fire Magic     | 1 |  1.0
Ice Magic      | 1 |  1.0
Air Magic      | 1 |  1.0
Earth Magic    | 1 |  1.0
Poison Magic   | 1 |  1.0
Fighting       | |  2.8
Ranged Weapons | |  4.7
Dodging        | |  4.7
Hexes          | |  5.5

Action                   |  1- 3 |  4- 6 || total
-------------------------+-------+-------++-------
Melee: Dagger            |    54 |    11 ||    65
       Bite              |     9 |     1 ||    10
 Fire: Sling             |   125 |    61 ||   186
 Cast: Slow              |     1 |       ||     1
Armor: Robe              |     3 |       ||     3
       Ring mail         |    14 |    15 ||    29
Dodge: Dodged            |    40 |    26 ||    66
Block: Other             |       |     4 ||     4
